 Dungeon Crawl Stone Soup version 0.23.0-42-geed6394 (webtiles) character file.

Game seed: 514463822205708146

118 Fang the Skirmisher (level 5, -5/49 HPs)
             Began as a Gargoyle Berserker on Feb 28, 2019.
             Was a Believer of Trog.
             Slain by a worm (8 damage)
             ... on level 2 of the Dungeon.
             The game lasted 00:02:31 (1354 turns).

Fang the Skirmisher (Gargoyle Berserker)            Turns: 1354, Time: 00:02:31

Health: -5/49      AC:  6    Str: 26    XL:     5   Next: 2%
Magic:  5/5        EV: 12    Int:  8    God:    Trog [**....]
Gold:   92         SH:  0    Dex:  9    Spells: 4/4 levels left

rFire    . . .     SeeInvis .   a - +0 hand axe
rCold    . . .     Gourm    .   (no shield)
rNeg     + . .     Faith    .   b - +0 animal skin
rPois    ∞         Spirit   .   (no helmet)
rElec    +         Reflect  .   (no cloak)
rCorr    .         Harm     .   (no gloves)
MR       .....                  (no boots)
Stlth    ..........             (no amulet)
HPRegen  0.16/turn              (no ring)
MPRegen  0.09/turn              (no ring)

@: berserking, very quick
A: negative energy resistance 1, electricity resistance, unbreathing,
petrification resistance, rot immunity, AC +4
a: Berserk, Trog's Hand, Renounce Religion


You were on level 2 of the Dungeon.
You worshipped Trog.
Trog was pleased with you.
You were near starving.

You visited 1 branch of the dungeon, and saw 2 of its levels.

You collected 92 gold pieces.

Inventory:

Hand Weapons
 a - a +0 hand axe (weapon)
Armour
 b - a +0 animal skin (worn)
Scrolls
 g - 3 scrolls of identify {unknown}
 i - 4 scrolls of remove curse {unknown}
 n - a scroll of teleportation {unknown}
 o - 2 scrolls of enchant armour {unknown}
 p - a scroll of amnesia {unknown}
 q - a scroll of blinking {unknown}
Potions
 d - a potion of mutation {unknown}
 e - 2 potions of lignification {unknown}
 f - a potion of flight {unknown}
 h - 2 potions of experience {unknown}
 j - a potion of heal wounds {unknown}
 k - a potion of invisibility {unknown}
 m - a potion of agility {unknown}
Comestibles
 c - 3 rations
 l - 8 chunks of flesh


   Skills:
 + Level 4.1 Fighting
 + Level 3.4 Axes
 + Level 3.3 Armour
 + Level 2.4 Dodging


You had 4 spell levels left.
You didn't know any spells.
Your spell library was empty.

Dungeon Overview and Level Annotations

Branches:
Dungeon (2/15)

Altars:
Gozag
Hepliaklqana
Uskayaw
Yredelemnul

Annotations:
D:2 1 transporter


Innate Abilities, Weirdness & Mutations

You are resistant to torment.
Your stone body is resilient. (AC +4)
You are immune to poison.
You resist negative energy. (rN+)
You are resistant to electric shocks. (rElec)
You can survive without breathing.
You are immune to petrification.
You are immune to rotting.


Message History

The crimson imp barely misses you. The ball python barely misses you.
The ball python constricts you. The worm bites you but does no damage.
The worker ant barely misses you.
You closely miss the worker ant.
The worker ant is severely wounded.
You slash the crimson imp!
You kill the crimson imp!
Trog accepts your kill.
Your Fighting skill increases to level 4!
You closely miss the ball python. You slash the worm!
The ball python closely misses you. The ball python constricts you.
You slash the worker ant!
You kill the worker ant!
Trog accepts your kill.
You have reached level 5!
You hit the worm but do no damage. You slash the ball python!
You kill the ball python!
Trog accepts your kill. The worm bites you!
You die...

#........©..............
#.#..#########...####.#
#.##8$._.$8##..#....#
#.#..$$$$?..#.......#
#.#....%....#.......+
#.#.........#.†#....# #
#.#........©#..#....## .
#.#.#.........#........#..
#####.#.#....@....#..##....#..
........#...†w....#..##.......
#####.#.##8.....8##..##....#.#
#.#..#########...##....#.#
#........©................
#.#####....#.######....... #.
.................#.#+# .
####................... ##
...#.#.#.#####.##...


You could see a worm.

Vanquished Creatures
  A crimson imp (D:2)
  A worker ant (D:2)
  A gnoll (D:1)
  2 dart slugs
  A worm (D:2)
  A ball python (D:2)
  2 giant cockroaches
  6 goblins
  7 hobgoblins
  5 jackals
  8 kobolds
  A quokka (D:2)
  3 bats (D:1)
  A frilled lizard (D:1)
  4 rats
44 creatures vanquished.

Notes
Turn   | Place    | Note
-------+----------+-------------------------------------------
     0 | D:1      | Fang the Gargoyle Berserker began the quest for the Orb.
     0 | D:1      | Reached XP level 1. HP: 14/14 MP: 1/1
   191 | D:1      | Reached XP level 2. HP: 15/19 MP: 2/2
   562 | D:1      | Reached XP level 3. HP: 17/23 MP: 3/3
  1109 | D:2      | Found a basalt altar of Yredelemnul.
  1159 | D:2      | Found a hide-covered altar of Uskayaw.
  1164 | D:2      | Reached ** piety under Trog
  1251 | D:2      | Reached XP level 4. HP: 27/29 MP: 4/4
  1295 | D:2      | Found a transporter.
  1296 | D:2      | Found a transporter.
  1298 | D:2      | Found a hazy altar of Hepliaklqana.
  1317 | D:2      | Found an opulent altar of Gozag.
  1351 | D:2      | HP: 2/43 [worker ant (5)]
  1353 | D:2      | Reached skill level 4 in Fighting
  1354 | D:2      | Reached XP level 5. HP: 3/33 MP: 5/5
  1354 | D:2      | Slain by a worm

Skill      XL: |  1  2  3  4 |
---------------+-------------+-----
Axes           | 3 |  3.4
Dodging        | 2 |  2.4
Armour         | 3 |  3.3
Fighting       | 4 |  4.1

Action                   |  1- 3 |  4- 6 || total
-------------------------+-------+-------++-------
Melee: Hand axe          |   124 |    17 ||   141
Invok: Berserk           |     1 |     1 ||     2
  Eat: Chunk             |     2 |       ||     2
Armor: Animal skin       |    30 |    15 ||    45
Dodge: Dodged            |    88 |    13 ||   101
